 Dungeon Crawl Stone Soup version 0.18.1-48-g4cf74bf (webtiles) character file.

278 Kisielow the Poker (level 6, -8/49 HPs)
             Began as a Merfolk Chaos Knight on July 5, 2016.
             Mangled by cutebanana's ghost (14 damage)
             ... on level 4 of the Dungeon.
             The game lasted 00:06:05 (3011 turns).

Kisielow the Poker (Merfolk Chaos Knight)           Turns: 3011, Time: 00:06:06

Health: -8/49      AC:  5    Str: 12    XL:     6   Next: 26%
Magic:  6/6        EV: 14    Int: 11    God:    Xom [..*...]
Gold:   130        SH:  0    Dex: 16    Spells: 0 memorised, 5 levels left

rFire  . . .     SeeInvis .     a - +0 spear (chaos)
rCold  . . .     Gourm    .     b - +2 leather armour
rNeg   . . .     Faith    .     (no shield)
rPois  .         Spirit   .     (no helmet)
rElec  .         Dismiss  .     (no cloak)
rCorr  .         Reflect  .     (no gloves)
SustAt .         Harm     .     (no boots)
MR     .....                    (no amulet)
Stlth  +.........               (no ring)
                                (no ring)

@: not resistant to hostile enchantments, very unstealthy
A: change form in water, swift swim
a: Renounce Religion


You were on level 4 of the Dungeon.
You worshipped Xom.
You were a toy of Xom.
You were hungry.

You visited 1 branch of the dungeon, and saw 4 of its levels.

You collected 130 gold pieces.

Inventory:

Hand Weapons
 a - a +0 spear of chaos (weapon)
Armour
 b - a +2 leather armour (worn)
Jewellery
 m - a cursed -2 ring of evasion {unknown}
 q - an uncursed ring of sustain attributes {unknown}
Scrolls
 d - a scroll of identify
 k - a scroll of teleportation
 l - a scroll of remove curse
Potions
 e - a potion of might
 h - 3 potions of curing
 i - a potion of cure mutation {unknown}
Books
 g - a book of Alchemy

   Spells                             Type                      Level
   a - Sublimation of Blood           Necromancy                   2
   b - Ignite Poison                  Fire/Transmutation/Poison    3
   c - Petrify                        Transmutation/Earth          4
   d - Alistair's Intoxication        Transmutation/Poison         5
   e - Irradiate                      Conjuration/Transmutation    5
Comestibles
 c - 3 bread rations
 f - 4 meat rations
 n - a slice of pizza


   Skills:
 * Level 4.7 Fighting
 + Level 7.5 Polearms
 - Level 0.6 Armour
 * Level 4.8 Dodging


You had 5 spell levels left.
You didn't know any spells.

Dungeon Overview and Level Annotations

Branches:
Dungeon (4/15)
 Temple: D:4-7

Altars:
Yredelemnul

Annotations:
D:4 cutebanana's ghost, amateur HOFi


Message History

Cutebanana's ghost flickers and vanishes!
Deactivating autopickup; reactivate with Ctrl-A.
No target in view!
No target in view!
You hit something but do no damage. Something hits you but does no damage.
You found a shaft!
Something barely misses you.
You closely miss something. Something hits you but does no damage.
You hit something but do no damage. Something barely misses you.
You hit something but do no damage. You barely miss something.
Something hits you.
You hit something but do no damage. Something hits you but does no damage.
You hit something but do no damage. You hit something but do no damage.
Something hits you!
* * * LOW HITPOINT WARNING * * *
There is a stone staircase leading up here.
Something hits you!
* * * LOW HITPOINT WARNING * * *
You closely miss something. Something hits you!
You die...

#...#
#####.#################
........÷..............
......#####.........#
####......).........#
##.#####.........# ###
#.........#
#........^#...
###..)).@.......
#....)..###.#...
#.......## .....
#........# #...
#........# #.#
..'........# .#
..'.######.# ≈≈## .# ≈≈
..


There were no monsters in sight!

Vanquished Creatures
  An ogre (D:4)
  2 orc priests
  An orc wizard (D:4)
  A worker ant (D:4)
  2 adders
  An ooze (D:3)
  3 worms (D:2)
  2 dart slugs
  A giant gecko (D:2)
  8 orcs
  A giant cockroach (D:2)
  6 goblins
  A hobgoblin (D:2)
  5 bats
  3 giant newts
  6 kobolds
  7 rats
51 creatures vanquished.

Notes
Turn   | Place    | Note
--------------------------------------------------------------
     0 | D:1      | Kisielow the Merfolk Chaos Knight began the quest for the Orb.
     0 | D:1      | Reached XP level 1. HP: 18/18 MP: 1/1
   207 | D:1      | Reached skill level 5 in Polearms
   332 | D:1      | Reached XP level 2. HP: 24/24 MP: 2/2
   689 | D:2      | XOM: silly message
   797 | D:2      | Reached skill level 6 in Polearms
   797 | D:2      | Reached XP level 3. HP: 22/29 MP: 3/3
   883 | D:2      | Found a basalt altar of Yredelemnul.
  1300 | D:3      | XOM: noise
  1669 | D:3      | Reached XP level 4. HP: 32/35 MP: 4/4
  1777 | D:3      | Reached skill level 7 in Polearms
  2080 | D:3      | XOM: silly message
  2204 | D:3      | XOM: harmless Ice miscast
  2298 | D:3      | XOM: divination: magic mapping
  2303 | D:3      | XOM: butterfly on damage
  2527 | D:4      | Reached XP level 5. HP: 26/42 MP: 5/5
  2646 | D:4      | Noticed an ogre
  2691 | D:4      | Killed an ogre
  2691 | D:4      | Reached XP level 6. HP: 23/49 MP: 6/6
  2959 | D:4      | Noticed cutebanana's ghost (amateur HOFi)
  3011 | D:4      | Mangled by cutebanana's ghost

Skill      XL: |  1  2  3  4  5 |
---------------+----------------+-----
Polearms       | 5 6 7 |  7.5
Dodging        | 3 4 |  4.8
Fighting       | 4 |  4.7
Armour         | |  0.6

Action                   |  1- 3 |  4- 6 || total
-------------------------+-------+-------++-------
Melee: Spear             |   107 |   127 ||   234
  Use: Scroll            |     7 |       ||     7
 Stab: Sleeping          |     1 |     1 ||     2
       Petrifying        |     1 |       ||     1
       Confused          |       |     3 ||     3
  Eat: Chunk             |     2 |     4 ||     6
Armor: Leather armour    |    13 |    17 ||    30
Dodge: Dodged            |    26 |    24 ||    50
